Map: Simulacrum LE

Players

Vanya - Winner!

  • Race: Zerg Zerg
  • Spawn Location: 11:00

Has

  • Race: Protoss Protoss
  • Spawn Location: 5:00

Event: IEM Katowice 2020

VOD

Have the link to the VOD?

Description

Time

  • Played on: Feb. 24, 2020, 10:42 a.m.
  • Length: 8:24

All games in this series

Show
View Real Time Build Order
Export as new Build Order

Vanya Zerg - Winner!

Build Orders: Hatch First 

Get SALT Encoding   

  12  0:00  Drone  
  13  0:12  Overlord  
  13  0:16  Drone  
  14  0:30  Drone  
  14  0:31  Drone  
  16  0:48  Hatchery  
  15  0:51  Drone  
  15  0:55  Drone  
  17  0:58  Drone  
  18  1:10  Extractor  
  17  1:13  Spawning Pool  
  17  1:17  Drone  
  17  1:20  Drone  
  18  1:30  Drone  
  19  1:41  Drone  
  20  1:49  Hatchery  
  20  1:50  Drone  
  20  2:00  Queen  
  22  2:03  Drone  
  22  2:06  Drone  
  24  2:13  Drone x2  
  26  2:20  Metabolic Boost  
  26  2:26  Queen  
  28  2:32  Overlord  
  28  2:37  Overlord  
  28  2:50  Drone x2  
  30  2:52  Zergling x2, Queen  
  30  2:56  Drone x2  
  30  2:58  Drone  
  36  3:04  Queen  
  38  3:08  Zergling x2  
  38  3:11  Drone x2  
  41  3:19  Overlord  
  41  3:20  Drone x2  
  41  3:23  Drone  
  41  3:27  Evolution Chamber, Overlord  
  43  3:32  Queen  
  45  3:40  Drone  
  45  3:41  Drone x4  
  50  3:46  Drone  
  51  3:49  Drone  
  51  3:50  Drone  
  51  3:52  Spore Crawler  
  51  3:53  Spore Crawler  
  51  3:54  Zerg Melee Weapons Level 1  
  51  3:59  Drone x2  
  53  4:04  Overlord  
  53  4:08  Drone x2  
  55  4:11  Drone  
  55  4:12  Drone x2  
  55  4:14  Overlord  
  55  4:16  Spore Crawler  
  57  4:20  Extractor  
  57  4:22  Zergling x8, Extractor  
  59  4:30  Evolution Chamber  
  58  4:32  Drone  
  58  4:33  Drone x2  
  58  4:36  Drone x2  
  58  4:38  Drone  
  65  4:39  Drone x2  
  65  4:41  Drone  
  65  4:42  Drone x2  
  65  4:44  Drone  
  69  4:52  Roach Warren  
  68  4:53  Overlord  
  67  5:00  Zergling x12  
  67  5:04  Lair  
  73  5:09  Overlord  
  73  5:17  Zergling x14  
  80  5:24  Zergling x2  
  80  5:25  Zergling x2  
  80  5:31  Zergling x10  
  82  5:37  Zergling x8  
  82  5:42  Roach x2  
  82  5:45  Roach  
  82  5:46  Roach x2  
  88  5:50  Overlord  
  88  5:53  Overlord  
  88  5:55  Overlord  
  88  5:58  Zerg Missile Weapons Level 1  
  88  6:03  Overseer  
  88  6:04  Glial Reconstitution  
  88  6:09  Roach x4  
  90  6:20  Extractor  
  90  6:21  Drone x3  
  90  6:22  Drone x3  
  90  6:23  Ravager x2  
  90  6:25  Zergling x8  
  98  6:35  Zergling x12, Ravager x2  
  106  6:43  Zergling x2  
  106  6:44  Zergling x6  
  110  6:49  Drone, Baneling Nest  
  110  6:51  Roach x3  
  113  6:55  Overlord  
  113  6:59  Roach  
  112  7:02  Overlord  
  112  7:03  Ravager  
  112  7:05  Ravager  
  111  7:17  Roach  
  111  7:18  Roach x6  
  111  7:21  Roach x2  
  110  7:26  Roach x2  
  108  7:30  Zergling x2  
  108  7:31  Zergling x12  
  108  7:35  Zergling x2  
  116  7:41  Zergling x4  
  114  7:46  Zergling x6  
  114  7:48  Ravager x3  
  114  7:50  Zergling x8  
  124  7:54  Ravager  
  125  7:59  Zergling x2  
  125  8:00  Zergling x8  
Show
View Real Time Build Order
Export as new Build Order

Has Protoss 

Build Orders: 1 Gate Expand, Phoenix Opening, Mass Adepts 

Get SALT Encoding   

  12  0:01  Probe  
  13  0:14  Probe  
  13  0:20  Pylon  
  14  0:26  Probe  
  15  0:30  Assimilator  
  15  0:40  Probe (Chrono Boost)  
  16  0:44  Gateway  
  16  0:49  Probe (Chrono Boost)  
  17  0:54  Probe (Chrono Boost)  
  18  1:06  Probe  
  19  1:21  Nexus  
  19  1:31  Cybernetics Core  
  19  1:33  Probe  
  19  1:39  Assimilator  
  20  1:45  Probe  
  21  1:51  Pylon  
  21  1:58  Probe  
  22  2:10  Probe, Stargate  
  22  2:14  Adept  
  25  2:21  Warp Gate  
  25  2:22  Probe (Chrono Boost)  
  26  2:33  Probe (Chrono Boost)  
  28  2:40  Probe (Chrono Boost)  
  28  2:43  Probe (Chrono Boost)  
  29  2:44  Adept  
  29  2:47  Probe (Chrono Boost)  
  29  2:48  Probe (Chrono Boost)  
  33  2:52  Phoenix (Chrono Boost)  
  36  2:58  Probe  
  36  3:04  Twilight Council  
  36  3:06  Probe  
  36  3:11  Probe (Chrono Boost)  
  38  3:15  Gateway  
  38  3:20  Probe (Chrono Boost)  
  40  3:28  Probe (Chrono Boost)  
  40  3:30  Gateway  
  40  3:31  Probe (Chrono Boost)  
  40  3:34  Adept  
  43  3:38  Probe  
  43  3:39  Pylon  
  44  3:41  Probe  
  45  3:50  Probe  
  46  3:57  Pylon  
  46  3:58  Probe  
  47  4:05  Probe  
  47  4:06  Pylon, Resonating Glaives (Chrono Boost)  
  46  4:12  Adept x2  
  46  4:14  Probe  
  46  4:16  Assimilator  
  51  4:17  Pylon  
  51  4:19  Assimilator  
  51  4:27  Adept  
  51  4:29  Probe  
  54  4:33  Adept x2  
  58  4:43  Probe x2  
  58  4:45  Robotics Facility  
  56  4:53  Adept x3  
  56  4:58  Pylon  
  62  5:01  Probe x2  
  64  5:11  Gateway  
  64  5:14  Gateway  
  64  5:16  Gateway, Sentry x3  
  64  5:20  Probe  
  64  5:21  Probe  
  72  5:23  Gateway  
  72  5:40  Warp Prism (Chrono Boost)  
  60  5:44  Sentry  
  60  5:45  Sentry x2  
  60  5:48  Pylon  
  60  5:49  Pylon  
  63  6:06  Immortal (Chrono Boost)  
  63  6:09  Adept x5  
  63  6:11  Adept  
  79  6:20  Adept  
  81  6:26  Pylon  
  81  6:32  Adept  
  83  6:33  Adept  
  83  6:35  Probe  
  83  6:38  Pylon x2  
  86  6:44  Pylon  
  86  6:46  Robotics Bay  
  86  6:49  Observer (Chrono Boost)  
  87  7:00  Adept x7  
  101  7:22  Adept x7  
  99  7:23  Warp Prism (Chrono Boost)  
  71  7:34  Robotics Facility  
  52  7:46  Sentry x2  
  52  7:47  Sentry  
  52  7:49  Disruptor (Chrono Boost)  
  56  7:52  Adept  
  56  7:53  Adept x3, Pylon  
  67  8:12  Adept x2  
  67  8:13  Adept x3  

Tags
 
Add a new tag
Caveats
  • Supply blocks, unpowered buildings, or Contaminate may cause inaccurate times.
  • Supply counts are checked every 10 seconds.